 Dungeon Crawl Stone Soup version 0.26-a0-712-ga5a9c9c9d0 (webtiles) character file.

Game seed: 2601272628747067314

39 pkoi the Ruffian (level 3, 0/31 HPs)
             Began as a Minotaur Monk on Nov 1, 2020.
             Succumbed to a gnoll's poison
             ... on level 2 of the Dungeon.
             The game lasted 00:01:00 (930 turns).

pkoi the Ruffian (Minotaur Monk)                     Turns: 930, Time: 00:01:01

Health: 0/31       AC:  2    Str: 16    XL:     3   Next: 26%
Magic:  2/2        EV: 13    Int:  7    God:
Gold:   79         SH:  0    Dex: 12    Spells: 2/2 levels left

rFire    . . .     SeeInvis .   d - +2 short sword (venom)
rCold    . . .     Faith    .   (no shield)
rNeg     . . .     Spirit   .   a - +0 robe
rPois    .         Reflect  .   (helmet restricted)
rElec    .         Harm     .   (no cloak)
rCorr    .         Rampage  .   (no gloves)
MR       .....                  (no boots)
Stlth    ++........             (no amulet)
HPRegen  0.10/turn              (no ring)
MPRegen  0.08/turn              (no ring)

@: lethally poisoned (0 -> -27)
A: retaliatory headbutt, horns 2
a: no special abilities


You were on level 2 of the Dungeon.
You visited 1 branch of the dungeon, and saw 2 of its levels.

You collected 79 gold pieces.

Inventory:

Hand Weapons
 d - a +2 short sword of venom (weapon)
Missiles
 c - 4 boomerangs (quivered)
Armour
 a - a +0 robe (worn)
Scrolls
 f - a scroll of enchant armour {unknown}
 g - 2 scrolls of identify {unknown}
 i - a scroll of remove curse {unknown}


   Skills:
 - Level 3.6 Fighting
 - Level 3.2 Dodging
 - Level 1.5 Stealth
 + Level 4.9 Unarmed Combat


You had 2 spell levels left.
You didn't know any spells.
Your spell library was empty.

Dungeon Overview and Level Annotations

Branches:
Dungeon (2/15)

Altars:


Innate Abilities, Weirdness & Mutations

You reflexively headbutt those who attack you in melee.
You have a pair of horns on your head.


Message History

You hit the gnoll.
The gnoll looks as sick as possible!
Your headbutt misses the gnoll.
The gnoll is severely wounded.
You feel very sick. The gnoll closely misses you.
You hit the gnoll.
You kill the gnoll!
You feel sick.
A hobgoblin comes into view.
Unknown command.
You closely miss the gnoll.
* * * LOW HITPOINT WARNING * * *
You feel very sick.
The gnoll hits you with a cursed -1 flail.
* * * LOW HITPOINT WARNING * * *
You aren't carrying any potions.
As you read the scroll labeled FEMURE VUTECO, it crumbles to dust.
It is a scroll of amnesia.
You feel forgetful for a moment.
You die...

#.##..#####.#####
#.#.........#
##...........#
#............#
#............#
#............#
#...###.#.....
####...###.#####.[
........@gg.......
##########g.######
...... .........
...........
............
##..........#
#...........


You could see 3 gnolls.

Vanquished Creatures
  A gnoll (D:2)
  An adder (D:2)
  A dart slug (D:2)
  A leopard gecko (D:2)
  A hobgoblin (D:2)
  3 jackals (D:1)
  A bat (D:2)
  A goblin (D:1)
  3 kobolds (D:1)
  9 rats (D:1)
22 creatures vanquished.

Notes
Turn   | Place    | Note
-------+----------+-------------------------------------------
     0 | D:1      | pkoi the Minotaur Monk began the quest for the Orb.
     0 | D:1      | Reached XP level 1. HP: 19/19 MP: 0/0
   310 | D:1      | Reached XP level 2. HP: 26/26 MP: 1/1
   314 | D:1      | Reached skill level 4 in Unarmed Combat
   915 | D:2      | Reached XP level 3. HP: 31/31 MP: 2/2
   930 | D:2      | Succumbed to a gnoll's poison

Illustrated notes

Levels and vault maps discovered:
D:1:      dpeg_arrival_yet_another_circle, layout_rooms, serial_park_tiny_pond,
          minmay_rat_gold_closets
D:2:      layout_rooms, kennysheep_slug_shrine, nicolae_overflow_hidden_temple

Skill      XL: |  1  2 |
---------------+-------+-----
Unarmed Combat | 4 |  4.9
Fighting       | |  3.6
Dodging        | |  3.2
Stealth        | |  1.5

Action                   || total
-------------------------++-------
Melee: Unarmed           ||    13
       Short sword       ||    31
       Headbutt          ||     5
       Punch             ||     1
  Use: Potion            ||     2
       Scroll            ||     1
 Stab: Sleeping          ||     3
Armor: Robe              ||     2
Dodge: Dodged            ||    25

Table legend: (Time is in decaauts)
 A = Elapsed time spent in this place.
 B = Non-inter-level travel time spent in this place.
 C = Inter-level travel time spent in this place.
 D = Time resting spent in this place.
 E = Time spent auto-exploring this place.
 F = Levels seen in this place.
 G = Mean time per level.
                   A        B        C        D        E       F      G
               +--------+--------+--------+--------+--------+-----+--------+
         Total |    914 |    889 |     25 |     10 |    750 |   2 |  457.0 |
       Dungeon |    914 |    889 |     25 |     10 |    750 |   2 |  457.0 |
               +--------+--------+--------+--------+--------+-----+--------+

Top non-repeatable levels by time:
     D:1: 745 daAuts
     D:2: 168 daAuts
